 Dungeon Crawl Stone Soup version 0.19.0-2-gae57169 (webtiles) character file.

368833 HungrySpirit the Shatterer (level 22, -2/155 HPs)
             Began as a Gargoyle Fighter on Nov 5, 2016.
             Was the Champion of Okawaru.
             Killed from afar by a spark wasp (5 damage)
             ... with a living lightning
             ... on level 15 of the Dungeon.
             The game lasted 01:37:27 (50571 turns).

HungrySpirit the Shatterer (Gargoyle Fighter)      Turns: 50571, Time: 01:37:27

Health: -2/155     AC: 50    Str: 29    XL:     22   Next: 61%
Magic:  0/32       EV:  8    Int: 13    God:    Okawaru [******]
Gold:   2552       SH:  0    Dex:  7    Spells: 0 memorised, 21 levels left

rFire  + . .     SeeInvis .     L - +5 great mace (flame)
rCold  + . .     Gourm    .     x - +7 plate armour "Pyups" {MR+}
rNeg   + . .     Faith    +     (shield currently unavailable)
rPois  ∞         Spirit   +     W - +2 hat {Spirit}
rElec  +         Reflect  .     c - +0 cloak {MR+}
rCorr  .         Harm     .     J - +3 pair of gloves "Enuula" {+Blink rC+ Int+3 Dex-2}
MR     ++++.                    P - +0 pair of boots {Fly}
Stlth  ..........               F - amulet of faith
                                o - ring of protection from magic
                                S - ring of protection from fire

@: finesse, very slightly contaminated
A: big wings, negative energy resistance 1, electricity resistance, unbreathing,
petrification resistance, rot immunity, AC +16
a: Fly, Heroism, Finesse, Renounce Religion, Evoke Blink, Evoke Flight
}: 2/15 runes: decaying, serpentine


You were on level 15 of the Dungeon.
You worshipped Okawaru.
Okawaru was exalted by your worship.
You were not hungry.

You visited 8 branches of the dungeon, and saw 40 of its levels.
You also visited: Labyrinth.

You collected 4123 gold pieces.
You spent 1571 gold pieces at shops.

Inventory:

Hand Weapons
 L - a +5 great mace of flaming (weapon)
Armour
 c - a +0 cloak of magic resistance (worn)
 m - a +2 hat
 x - the +7 plate armour "Pyups" (worn) {MR+}
   (Okawaru gifted it to you in a labyrinth)

   It affects your resistance to hostile enchantments.
 G - the +2 cloak of Midwinter {rC+ Int+6 Dex-4}
   (Okawaru gifted it to you on level 3 of the Swamp)

   It affects your intelligence (+6).
   It affects your dexterity (-4).
   It protects you from cold.
 J - the +3 pair of gloves "Enuula" (worn) {+Blink rC+ Int+3 Dex-2}
   (You took it off Nikola on level 2 of the Swamp)

   It affects your intelligence (+3).
   It affects your dexterity (-2).
   It protects you from cold.
   It lets you blink.
 P - a +0 pair of boots of flying (worn)
 T - +0 fire dragon scales
 W - a +2 hat of spirit shield (worn)
Jewellery
 o - a ring of protection from magic (right hand)
 B - the ring "Odwug" {+Inv rElec SInv Stlth+}
   (You found it on level 6 of the Lair of Beasts)

   [ring of see invisible]

   It insulates you from electricity.
   It lets you see invisible.
   It lets you turn invisible.
   It makes you more stealthy.
 D - a +4 amulet of reflection
 F - an amulet of faith (around neck)
 H - an uncursed ring of resist corrosion
 I - an uncursed ring of see invisible
 S - a ring of protection from fire (left hand)
Wands
 v - a wand of disintegration (18/24)
 O - a wand of digging (11/24)
Scrolls
 e - 19 scrolls of remove curse
 g - 13 scrolls of teleportation
 h - 10 scrolls of recharging
 i - a scroll of amnesia
 j - 4 scrolls of fear
 l - 2 scrolls of summoning
 n - 5 scrolls of fog
 q - a scroll of holy word
 r - 10 scrolls of identify
 s - 9 scrolls of enchant armour
 w - a scroll of blinking
 y - 4 scrolls of noise
 C - 2 scrolls of brand weapon
 M - a scroll of enchant weapon
Potions
 a - 3 potions of agility
 b - a potion of cancellation
 k - 2 potions of haste
 t - 5 potions of berserk rage
 u - 2 potions of heal wounds
 z - 6 potions of lignification
 A - 17 potions of curing
 E - 5 potions of flight
 N - 2 potions of magic
 Q - 4 potions of ambrosia
 R - 4 potions of invisibility
 U - 4 potions of cure mutation
 X - 4 potions of might
Miscellaneous
 Z - a box of beasts
Comestibles
 d - 16 meat rations
 f - 20 bread rations
 p - 2 fruits
 K - a royal jelly
 V - 2 chunks of flesh
 Y - 2 beef jerkies


   Skills:
 + Level 21.1 Fighting
 * Level 26.0 Maces & Flails
 + Level 14.5 Armour
   Level 5.3 Shields
 - Level 13.5 Invocations


You had 21 spell levels left.
You didn't know any spells.

Dungeon Overview and Level Annotations

Branches:
Dungeon (15/15)            Temple (0/1) D:5            Lair (6/6) D:9
  Swamp (4/4) Lair:4        Snake (4/4) Lair:4        Slime (0/5) Lair:5
    Orc (2/2) D:11            Elf (3/3) Orc:2        Vaults (5/5) D:14
  Crypt (0/3) Vaults:2     Depths (1/5) D:15

Altars:
Dithmenos
Elyvilon
Fedhas
Gozag
Hepliaklqana
Kikubaaqudgha
Nemelex Xobeh
Okawaru
Qazlal
Uskayaw
Vehumet
Zin

Shops:
Orc:2 *%*[   Elf:1 (   Snake:1 [   Vaults:2 *   Vaults:3 }?!(

Annotations:
Elf:2 5 runed doors


Innate Abilities, Weirdness & Mutations

You are resistant to torment.
Your stone body is resilient. (AC +16)
You are immune to poison.
Your large and strong wings let you fly indefinitely.
You resist negative energy. (rN+)
You are resistant to electric shocks. (rElec)
You can survive without breathing.
You are immune to petrification.
You are immune to rotting.


Message History

You feel much better. The spark wasp stings you!
* * * LOW HITPOINT WARNING * * *
The spark wasp shocks you. You resist.
* * * LOW HITPOINT WARNING * * *
The spark wasp stings you!
* * * LOW HITPOINT WARNING * * *
The spark wasp shocks you. You resist.
* * * LOW HITPOINT WARNING * * *
Blink to where?
Press: ? - help, Dir - move target cursor You are very lightly contaminated with residual magic.
As you read the scroll of blinking, it crumbles to dust.
The spark wasp bursts into living lightning!
The living lightning hits you!
The spark wasp blinks!
Blink to where?
Press: ? - help, Dir - move target cursor
As you read the scroll of blinking, it crumbles to dust.
The spark wasp bursts into living lightning!
The living lightning hits you! You resist.
You die...

......# #... ......######## #...
.............# #...
.............# #...
.............# ######..
.............########### #..#.##.
.............#....§##..###.....#.
.............#...§##....#..##.##.
......########..@.'[...[..###..#.
..................##....###y...#.
...........y.#.....##..####.####.
...........§.#.[....######...##..
......#......#..).....###.....##.
......#......#..[.....##y.....y#.
......#......#........###.....##.
......#......#........#.###>###..
......########........#...###....


You could see a spark wasp.

Vanquished Creatures
  Bai Suzhen (Vaults:4)
  Boris (Vaults:4)
  the Lernaean hydra (Swamp:4)
  Margery (Vaults:2)
  Nikola (Swamp:2)
  A lich (Vaults:3)
  2 deep elf master archers (Elf:3)
  2 deep elf blademasters (Elf:3)
  Frances (D:14)
  A sphinx (Vaults:2)
  A tengu reaver (Vaults:4)
  Kirke (Lair:3)
  A storm dragon (Vaults:4)
  Donald (Orc:2)
  4 thorn hunters
  7 nagarajas
  A frost giant (Vaults:4)
  5 deep elf sorcerers
  7 vault wardens
  A fire giant (Vaults:4)
  4 deep elf elementalists
  13 ironheart preservers
  6 stone giants
  2 entropy weavers (Vaults:4)
  A vampire knight (Vaults:2)
  7 deep elf demonologists
  5 deep elf annihilators (Elf:3)
  A spark wasp (D:15)
  3 ettins
  14 deep elf death magi
  A minotaur (Lab)
  4 deep elf high priests (Elf:3)
  Snorg (D:12)
  A merfolk impaler (Depths:1)
  13 ogre magi
  A fire dragon (Vaults:4)
  3 great orbs of eyes
  10 yaktaur captains
  21 naga warriors
  5 vault guards
  2 rakshasas (D:15)
  An ice dragon (Vaults:1)
  9 anacondas
  A ghost crab (Swamp:2)
  19 hydras
  17 dancing weapons
  2 deep troll shamans
  4 catoblepae (Lair:6)
  Erica (D:8)
  2 death knights (Vaults:2)
  19 alligators
  7 centaur warriors
  5 orc high priests
  10 death yaks
  2 shock serpents
  Nergalle (D:11)
  12 naga sharpshooters
  13 deep elf knights
  3 shadow wraiths
  2 salamander mystics (Snake:3)
  6 hell knights (Vaults:2)
  4 skeletal warriors (Vaults:2)
  10 deep trolls
  4 flayed ghosts
  An unseen horror (shapeshifter) (Vaults:3)
  3 spriggan druids
  An unseen horror (Vaults:1)
  4 hill giants
  A death drake (Elf:2)
  16 swamp dragons
  2 sea snakes (Elf:2)
  3 glowing orange brains
  2 wizards (Vaults:2)
  11 deep elf archers
  A lindwurm (shapeshifter) (D:15)
  10 ironbrand convokers
  11 naga ritualists
  A wolf spider zombie (D:15)
  3 harpies (Vaults:2)
  12 orc knights
  2 phantasmal warriors
  6 shambling mangroves
  36 deep elf magi
  2 necromancers
  2 wolf spiders (Vaults:1)
  10 mana vipers
  3 orc sorcerers
  35 ugly things
  4 cyclopes
  A human skeleton (Vaults:1)
  9 salamanders
  A frost giant zombie (Vaults:1)
  2 centaur zombies
  27 slime creatures
  A stone giant skeleton (Vaults:1)
  18 vault sentinels
  23 naga magi
  41 black mambas
  3 guardian serpents
  A torpor snail (Lair:5)
  2 spiny frogs (shapeshifter)
  An eye of devastation (Lair:5)
  A kobold demonologist (D:15)
  5 komodo dragons
  23 spiny frogs
  2 ice devils (Orc:1)
  5 freezing wraiths
  A komodo dragon (shapeshifter) (D:15)
  44 yaktaurs
  2 tengu conjurers (D:15)
  A yaktaur skeleton (Vaults:1)
  4 tyrant leeches
  3 meliai (D:14)
  24 hornets
  A hornet (shapeshifter) (Vaults:4)
  7 trolls
  24 two-headed ogres
  11 dream sheep
  A dream sheep (shapeshifter) (Vaults:3)
  A blink frog (shapeshifter) (Elf:1)
  A raiju (shapeshifter) (Vaults:3)
  An ettin zombie (Vaults:1)
  6 hippogriffs
  8 blink frogs
  6 bog bodies
  A frost giant simulacrum (Vaults:3)
  A fire giant simulacrum (Vaults:1)
  2 air elementals (Elf:1)
  3 shadows
  4 tarantellas
  9 wraiths
  13 redbacks
  A spriggan (shapeshifter) (D:15)
  A vampire (D:15)
  3 wyverns
  6 spriggans
  4 fire elementals
  4 water elementals
  55 yaks
  A golden eye (shapeshifter) (Vaults:2)
  A hill giant zombie (D:11)
  A basilisk (shapeshifter) (Vaults:1)
  5 basilisks
  3 hungry ghosts (D:11)
  15 vampire mosquitoes
  6 hogs
  A human (D:7)
  11 insubstantial wisps
  18 swamp worms
  2 mottled dragons (Vaults:2)
  42 nagas
  5 wargs
  A floating eye (shapeshifter) (D:15)
  8 porcupines
  12 water moccasins
  A meliai simulacrum (D:15)
  37 orc warriors
  A hornet zombie (D:14)
  6 ice beasts
  5 sky beasts
  14 swamp drakes
  3 black bears
  A black bear (shapeshifter) (Vaults:4)
  49 ogres
  2 eyes of draining
  A necrophage (D:15)
  12 wolves
  5 phantoms
  10 centaurs
  9 crocodiles
  A big kobold (D:11)
  12 bullfrogs
  3 wyvern zombies
  An earth elemental (Elf:3)
  4 scorpions
  A wyvern skeleton (D:12)
  4 troll zombies (D:11)
  4 wights (D:7)
  2 electric eels
  4 howler monkeys
  3 bullfrog zombies
  5 crimson imps
  6 jellies
  2 quasits
  14 orc priests
  4 bullfrog skeletons
  A centaur skeleton (D:10)
  7 hounds
  Jessica (D:3)
  6 hell rats (Lair:3)
  8 iguanas
  24 orc wizards
  8 worker ants
  3 ogre zombies (D:11)
  A hound zombie (D:8)
  2 worker ant zombies
  3 gnolls (D:4)
  9 adders
  6 shadow imps
  2 worms
  A dart slug (D:2)
  2 leopard geckos
  84 orcs
  7 bats
  3 giant cockroaches
  11 goblins
  4 hobgoblins
  5 jackals (D:2)
  6 quokkas
  2 ball pythons
  4 frilled lizards
  2 goblin skeletons (D:11)
  2 hobgoblin skeletons (D:11)
  5 hobgoblin zombies (D:11)
  4 kobolds (D:11)
  5 orc skeletons (D:11)
  11 orc zombies (D:11)
  6 rats
1517 creatures vanquished.

Vanquished Creatures (collateral kills)
  A hydra (Lair:6)
1 creature vanquished.

Vanquished Creatures (others)
  A naga sharpshooter (Snake:4)
  A deep elf knight (Elf:3)
  2 deep elf magi (Elf:1)
  A naga mage (Snake:4)
  An ogre (D:14)
  A frilled lizard (Lair:3)
  A briar patch (Swamp:4)
  4 fungi
  8 plants
20 creatures vanquished.

Grand Total: 1538 creatures vanquished

Notes
Turn   | Place    | Note
-------+----------+-------------------------------------------
     0 | D:1      | HungrySpirit the Gargoyle Fighter began the quest for the Orb.
     0 | D:1      | Reached XP level 1. HP: 14/14 MP: 1/1
   303 | D:1      | Reached XP level 2. HP: 19/19 MP: 2/2
   909 | D:2      | Reached XP level 3. HP: 22/24 MP: 3/3
   910 | D:2      | Reached skill level 3 in Maces & Flails
  1130 | D:2      | You fall through a shaft for 2 floors!
  1140 | D:4      | Reached XP level 4. HP: 24/29 MP: 4/4
  1224 | D:3      | Noticed Jessica
  1226 | D:3      | Killed Jessica
  1226 | D:3      | Reached skill level 4 in Maces & Flails
  1265 | D:3      | Found a faded altar of an unknown god.
  1265 | D:3      | Found a faded altar of an unknown god.
  1280 | D:3      | Found a faded altar of an unknown god.
  1286 | D:3      | Reached XP level 5. HP: 11/34 MP: 5/5
  1304 | D:3      | Became a worshipper of Warmaster Okawaru
  1304 | D:3      | Reached * piety under Okawaru
  1487 | D:3      | Found a faded altar of an unknown god.
  1488 | D:3      | Found a radiant altar of Vehumet.
  2128 | D:4      | Noticed a phantom
  2166 | D:4      | Reached skill level 5 in Maces & Flails
  2166 | D:4      | Reached XP level 6. HP: 34/40 MP: 6/6
  2174 | D:4      | Killed a phantom
  2174 | D:4      | Reached skill level 5 in Fighting
  2280 | D:4      | Reached ** piety under Okawaru
  2514 | D:5      | Entered Level 5 of the Dungeon
  2514 | D:5      | Found an iron altar of Okawaru.
  2528 | D:5      | Reached skill level 6 in Maces & Flails
  2539 | D:5      | Reached XP level 7. HP: 32/44 MP: 7/7
  2992 | D:5      | Found a glowing silver altar of Zin.
  3071 | D:5      | Found a staircase to the Ecumenical Temple.
  3155 | D:5      | Found an ancient bone altar of Kikubaaqudgha.
  3541 | D:5      | Reached skill level 7 in Maces & Flails
  3592 | D:6      | Found a shadowy altar of Dithmenos.
  3629 | D:6      | Found a white marble altar of Elyvilon.
  3811 | D:6      | Reached XP level 8. HP: 49/52 MP: 8/8
  4193 | D:7      | Reached *** piety under Okawaru
  4257 | D:7      | Reached skill level 8 in Maces & Flails
  4405 | D:7      | Found a stormy altar of Qazlal.
  4405 | D:7      | Found a blossoming altar of Fedhas.
  4406 | D:7      | Found an opulent altar of Gozag.
  4499 | D:7      | Noticed a yak
  4518 | D:7      | Reached **** piety under Okawaru
  4518 | D:7      | Reached skill level 9 in Maces & Flails
  4523 | D:7      | Reached XP level 9. HP: 50/58 MP: 7/9
  4711 | D:7      | Found a sparkling altar of Nemelex Xobeh.
  4773 | D:8      | Reached skill level 10 in Maces & Flails
  5206 | D:8      | Reached ***** piety under Okawaru
  5273 | D:8      | Noticed Erica
  5282 | D:8      | Killed Erica
  5282 | D:8      | Reached skill level 11 in Maces & Flails
  5282 | D:8      | Reached XP level 10. HP: 66/66 MP: 7/10
  5906 | D:9      | Received a gift from Okawaru
  5913 | D:9      | Reached skill level 12 in Maces & Flails
  5926 | D:9      | Reached skill level 10 in Fighting
  6066 | D:9      | Found a staircase to the Lair.
  6212 | D:9      | Found a hazy altar of Hepliaklqana.
  6441 | D:9      | Found a hide-covered altar of Uskayaw.
  6613 | D:10     | Entered Level 10 of the Dungeon
  7431 | D:11     | Reached skill level 13 in Maces & Flails
  7456 | D:11     | Found a staircase to the Orcish Mines.
  7589 | D:11     | Reached XP level 11. HP: 71/73 MP: 9/11
  7688 | D:11     | Received a gift from Okawaru
  7716 | D:11     | Got a pair of distressingly furry gloves {god gift}
  7833 | D:10     | Identified the +1 pair of gloves of the Butterfly {rC- MR+ Int+4} (Okawaru gifted it to you on level 11 of the Dungeon)
  7994 | D:11     | Noticed a hill giant
  8001 | D:11     | Killed a hill giant
  8108 | D:11     | Noticed Nergalle
  8120 | D:11     | Killed Nergalle
  8126 | D:11     | Reached skill level 14 in Maces & Flails
  8541 | D:11     | Noticed a brown ugly thing
  8551 | D:11     | Killed a brown ugly thing
  8856 | D:12     | Noticed a hill giant
  8865 | D:12     | Killed a hill giant
  8869 | D:12     | Reached skill level 1 in Invocations
  9153 | D:12     | Noticed Snorg
  9166 | D:12     | Killed Snorg
  9166 | D:12     | Received a gift from Okawaru
  9467 | D:13     | Noticed a cyclops
  9475 | D:13     | Killed a cyclops
  9475 | D:13     | Reached XP level 12. HP: 81/81 MP: 10/13
  9784 | D:13     | Noticed a centaur warrior
  9800 | D:13     | Killed a centaur warrior
  9800 | D:13     | Reached skill level 15 in Maces & Flails
 10075 | Lair:1   | Entered Level 1 of the Lair of Beasts
 10638 | Lair:1   | Reached ****** piety under Okawaru
 11072 | Lair:2   | Received a gift from Okawaru
 12059 | Lair:3   | Reached skill level 5 in Invocations
 12665 | Lair:4   | Found a staircase to the Swamp.
 12825 | Lair:4   | Found a staircase to the Snake Pit.
 12826 | Lair:4   | Noticed Kirke
 12980 | Lair:3   | Killed Kirke
 12980 | Lair:3   | Reached skill level 16 in Maces & Flails
 12980 | Lair:3   | Reached skill level 5 in Shields
 12980 | Lair:3   | Reached XP level 13. HP: 79/87 MP: 15/17
 13107 | Lair:4   | Received a gift from Okawaru
 14053 | Lair:5   | Received a gift from Okawaru
 14429 | Lair:5   | Found a staircase to the Slime Pits.
 15299 | Lair:6   | Entered Level 6 of the Lair of Beasts
 15505 | Lair:6   | Reached skill level 17 in Maces & Flails
 15530 | Lair:6   | Received a gift from Okawaru
 15697 | Lair:6   | Got a spiked plate armour {god gift}
 15698 | Lair:6   | Identified the +1 plate armour of Lilacs {rF+} (Okawaru gifted it to you on level 6 of the Lair of Beasts)
 15828 | Lair:6   | Gained mutation: Your large and strong wings let you fly indefinitely. [Gargoyle growth]
 15828 | Lair:6   | Reached XP level 14. HP: 69/95 MP: 20/20
 16551 | Lair:6   | Received a gift from Okawaru
 17133 | Lair:6   | Got a pitted brass ring
 17142 | Lair:6   | Identified the ring "Odwug" {+Inv rElec SInv Stlth+} (You found it on level 6 of the Lair of Beasts)
 17381 | Orc:1    | Entered Level 1 of the Orcish Mines
 17400 | Orc:1    | Reached skill level 18 in Maces & Flails
 17519 | Orc:1    | Noticed a stone giant
 17524 | Orc:1    | HP: 3/96 [stone giant/large rock (27)]
 17898 | Orc:1    | Killed a stone giant
 18357 | Orc:2    | Entered Level 2 of the Orcish Mines
 18357 | Orc:2    | Found a staircase to the Elven Halls.
 18401 | Orc:2    | Found a labyrinth entrance.
 18411 | Lab      | Entered a labyrinth
 18719 | Lab      | Received a gift from Okawaru
 18722 | Lab      | Got a crude plate armour {god gift}
 18725 | Lab      | Got a jewelled cloak
 18726 | Lab      | Identified the cursed +0 cloak "Iconuvoa" {rElec Str+5 Stlth-} (You found it in a labyrinth)
 18737 | Lab      | Identified the +7 plate armour "Pyups" {MR+} (Okawaru gifted it to you in a labyrinth)
 18934 | Orc:2    | Noticed Donald
 18961 | Orc:2    | Killed Donald
 19018 | Orc:2    | Reached skill level 10 in Invocations
 19622 | Orc:2    | Reached XP level 15. HP: 85/101 MP: 22/22
 19808 | Orc:2    | Found Pioxang's General Store.
 19808 | Orc:2    | Found Hijuokh's Food Emporium.
 19810 | Orc:2    | Found Tylinem's Assorted Antiques.
 19810 | Orc:2    | Found Lehaofeg's Armour Emporium.
 19818 | Orc:2    | Bought a scroll labeled DOGRASCHOTEMM for 16 gold pieces
 19818 | Orc:2    | Bought a scroll labeled DOGRASCHOTEMM for 16 gold pieces
 19818 | Orc:2    | Bought a small garnet ring for 80 gold pieces
 19826 | Orc:2    | Bought a potion of cure mutation for 250 gold pieces
 20388 | Swamp:1  | Entered Level 1 of the Swamp
 20423 | Swamp:1  | Reached skill level 15 in Fighting
 20597 | Swamp:1  | Received a gift from Okawaru
 20904 | Swamp:1  | Reached skill level 19 in Maces & Flails
 21751 | Swamp:2  | Noticed a thorn hunter
 22137 | Swamp:2  | Killed a thorn hunter
 22265 | Swamp:2  | Noticed Nikola
 22281 | Swamp:2  | Killed Nikola
 22337 | Swamp:2  | Got a pair of encrusted gloves
 22338 | Swamp:2  | Identified the +3 pair of gloves "Enuula" {+Blink rC+ Int+3 Dex-2} (You took it off Nikola on level 2 of the Swamp)
 22863 | Swamp:2  | Received a gift from Okawaru
 23006 | Swamp:3  | Reached XP level 16. HP: 78/108 MP: 24/24
 23991 | Swamp:3  | Got a sparkling pewter ring
 23999 | Swamp:3  | Identified the ring of Boczexuc {+Fly Str+4 Int+3} (You found it on level 3 of the Swamp)
 24038 | Swamp:3  | Reached skill level 20 in Maces & Flails
 24075 | Swamp:3  | Noticed a thorn hunter
 24095 | Swamp:3  | Killed a thorn hunter
 24612 | Swamp:3  | Received a gift from Okawaru
 24617 | Swamp:3  | Got an encrusted cloak {god gift}
 24618 | Swamp:3  | Identified the +2 cloak of Midwinter {rC+ Int+6 Dex-4} (Okawaru gifted it to you on level 3 of the Swamp)
 24785 | Swamp:4  | Entered Level 4 of the Swamp
 24801 | Swamp:4  | Noticed a thorn hunter
 24812 | Swamp:4  | Killed a thorn hunter
 25398 | Swamp:4  | Noticed a thorn hunter
 25415 | Swamp:4  | Killed a thorn hunter
 25747 | Swamp:4  | Received a gift from Okawaru
 25796 | Swamp:4  | Noticed the 27-headed Lernaean hydra
 26287 | Swamp:4  | Killed the 27-headed Lernaean hydra
 26287 | Swamp:4  | Reached XP level 17. HP: 68/116 MP: 20/26
 26346 | Swamp:4  | Got a decaying rune of Zot
 26560 | Swamp:4  | Received a gift from Okawaru
 27037 | Snake:1  | Entered Level 1 of the Snake Pit
 27046 | Snake:1  | Reached skill level 21 in Maces & Flails
 27760 | Snake:1  | Found Luuhutto's Armour Shoppe.
 28609 | Snake:2  | Received a gift from Okawaru
 29046 | Snake:3  | Reached skill level 5 in Armour
 29344 | Snake:3  | Received a gift from Okawaru
 30097 | Snake:3  | Reached XP level 18. HP: 60/124 MP: 28/28
 30744 | Snake:4  | Entered Level 4 of the Snake Pit
 31129 | Snake:4  | Reached skill level 22 in Maces & Flails
 31351 | Snake:4  | Received a gift from Okawaru
 31883 | Snake:4  | Received a gift from Okawaru
 32331 | Snake:4  | Got a serpentine rune of Zot
 32904 | Elf:1    | Entered Level 1 of the Elven Halls
 32986 | Elf:1    | Received a gift from Okawaru
 33475 | Elf:1    | Found Laxy's Antique Weapon Shop.
 33859 | Elf:1    | Reached XP level 19. HP: 125/130 MP: 29/29
 34078 | Elf:2    | Received a gift from Okawaru
 34081 | Elf:2    | Got an encrusted dire flail {god gift}
 34082 | Elf:2    | Identified the +2 dire flail of Ointment {antimagic, rPois Str+4 Dex+3} (Okawaru gifted it to you on level 2 of the Elven Halls)
 34646 | Elf:2    | Reached skill level 23 in Maces & Flails
 35006 | Elf:2    | Identified Umiymm's Incunabulum of Intoxication
 35172 | Elf:2    | Found a huge runed gate.
 35172 | Elf:2    | Found a huge runed gate.
 35172 | Elf:2    | Found a huge runed gate.
 35173 | Elf:2    | Found a huge runed gate.
 35175 | Elf:2    | Found a huge runed gate.
 35334 | Elf:3    | Entered Level 3 of the Elven Halls
 35389 | Elf:3    | Received a gift from Okawaru
 36259 | Elf:3    | Noticed an Ice Fiend
 36726 | Elf:3    | Reached skill level 10 in Armour
 36899 | Elf:3    | Received a gift from Okawaru
 38330 | Elf:3    | Got a pair of twisted gloves
 38331 | Elf:3    | Identified the cursed -6 pair of gloves of the Kettle-Drum {rC- MP+9 Str-5 Dex+5} (You found it on level 3 of the Elven Halls)
 39515 | D:14     | Reached XP level 20. HP: 139/139 MP: 27/30
 39657 | D:14     | Found a gate to the Vaults.
 39718 | D:14     | Noticed Frances
 39726 | D:14     | Killed Frances
 40221 | D:15     | Entered Level 15 of the Dungeon
 40408 | D:15     | Received a gift from Okawaru
 40822 | D:15     | Found a staircase to the Depths.
 41485 | Vaults:1 | Entered Level 1 of the Vaults
 41506 | Vaults:1 | Reached skill level 24 in Maces & Flails
 43129 | Vaults:2 | Received a gift from Okawaru
 43470 | Vaults:2 | Found Vegaal's General Store.
 43517 | Vaults:2 | Bought a scroll of recharging for 123 gold pieces
 43517 | Vaults:2 | Bought a potion of curing for 39 gold pieces
 44199 | Vaults:2 | Noticed Margery
 44640 | Vaults:2 | Received a gift from Okawaru
 44640 | Vaults:2 | Reached XP level 21. HP: 106/145 MP: 24/31
 45266 | Vaults:2 | Found a staircase to the Crypt.
 45582 | Vaults:2 | Killed Margery
 45926 | Vaults:2 | You fall through a shaft!
 45926 | Vaults:3 | Found Bupitolo's Gadget Shoppe.
 46257 | Vaults:3 | Received a gift from Okawaru
 46345 | Vaults:3 | Reached skill level 25 in Maces & Flails
 47615 | Vaults:3 | Found Gutifiny's Weapon Shop.
 47658 | Vaults:3 | Received a gift from Okawaru
 47710 | Vaults:3 | Found Ivian's Distillery.
 47733 | Vaults:3 | Bought a potion of curing for 57 gold pieces
 47733 | Vaults:3 | Bought a potion of curing for 57 gold pieces
 47733 | Vaults:3 | Bought a potion of invisibility for 152 gold pieces
 48221 | Vaults:3 | Found Ydific's Magic Scroll Shoppe.
 48237 | Vaults:3 | Bought a scroll of teleportation for 69 gold pieces
 48237 | Vaults:3 | Bought a scroll of teleportation for 69 gold pieces
 48237 | Vaults:3 | Bought a scroll of teleportation for 69 gold pieces
 48237 | Vaults:3 | Bought a scroll of identify for 46 gold pieces
 48237 | Vaults:3 | Bought a scroll of identify for 46 gold pieces
 48237 | Vaults:3 | Bought a scroll of identify for 46 gold pieces
 48237 | Vaults:3 | Bought a scroll of identify for 46 gold pieces
 48237 | Vaults:3 | Bought a scroll of recharging for 218 gold pieces
 48237 | Vaults:3 | Bought a scroll of enchant armour for 172 gold pieces
 48737 | Vaults:4 | Received a gift from Okawaru
 48763 | Vaults:4 | Got a heavily runed plate armour {god gift}
 48764 | Vaults:4 | Identified the +6 plate armour "Pushatz" {rC- Regen+ Str+4 Dex+2} (Okawaru gifted it to you on level 4 of the Vaults)
 48839 | Vaults:4 | Reached XP level 22. HP: 145/153 MP: 30/32
 49359 | Vaults:4 | Noticed Boris
 49389 | Vaults:4 | Killed Boris
 49481 | Vaults:4 | Noticed Bai Suzhen
 49497 | Vaults:4 | Killed Bai Suzhen
 50043 | Vaults:4 | Reached skill level 26 in Maces & Flails
 50185 | Vaults:5 | Entered Level 5 of the Vaults
 50185 | Vaults:5 | Noticed a golden dragon
 50389 | Depths:1 | Entered Level 1 of the Depths
 50569 | D:15     | HP: 7/155 [spark wasp (13)]
 50569 | D:15     | HP: 2/155 [spark wasp (5)]
 50571 | D:15     | Killed from afar by a spark wasp

Skill      XL: |  1  2  3  4  5  6  7  8  9 10 11 12 13 14 15 16 17 18 19 20 21 22 |
---------------+-------------------------------------------------------------------+-----
Maces & Flails | 3 4 5 6 7 9 11 13 14 16 17 18 19 20 21 22 23 24 25 26 | 26.0
Fighting       | 4 5 6 7 9 10 12 13 14 15 16 17 18 19 20 21 | 21.1
Invocations    | 2 5 8 10 11 13 | 13.5
Shields        | 5 |  5.3
Armour         | 6 8 10 12 13 14 | 14.5

Action                   |  1- 3 |  4- 6 |  7- 9 | 10-12 | 13-15 | 16-18 | 19-21 | 22-24 || total
-------------------------+-------+-------+-------+-------+-------+-------+-------+-------++-------
Melee: Flail             |   102 |   141 |   161 |       |       |       |       |       ||   404
       Whip              |       |    16 |    79 |       |       |       |       |       ||    95
       Morningstar       |       |       |   117 |   787 |    24 |       |       |       ||   928
       Punch             |       |       |       |     2 |       |       |       |       ||     2
       Great mace        |       |       |       |       |  1099 |  1355 |  1779 |   353 ||  4586
Invok: Heroism           |       |     1 |     5 |    14 |     9 |     2 |     1 |       ||    32
       Finesse           |       |       |       |       |     1 |     4 |    10 |     5 ||    20
 Abil: Stop Flying       |       |       |     1 |       |       |     1 |       |     1 ||     3
       Fly               |       |       |       |       |     1 |       |       |     1 ||     2
Evoke: Wand              |       |       |       |     3 |     4 |     4 |     1 |       ||    12
  Use: Potion            |       |     2 |       |     4 |     1 |     2 |     4 |     2 ||    15
       Scroll            |       |       |       |    25 |    14 |     8 |    12 |     6 ||    65
 Stab: Invisible         |       |       |       |       |     1 |       |       |       ||     1
  Eat: Chunk             |     1 |     5 |     9 |    19 |    19 |    14 |    30 |     7 ||   104
       Fruit             |       |       |       |    11 |     9 |     5 |     5 |       ||    30
       Pizza             |       |       |       |     3 |     1 |     8 |       |       ||    12
       Royal jelly       |       |       |       |       |     2 |       |     2 |       ||     4
       Bread ration      |       |       |       |       |       |     1 |       |       ||     1
       Beef jerky        |       |       |       |       |       |     1 |     7 |       ||     8
Armor: Scale mail        |    86 |    90 |   186 |   232 |       |       |       |       ||   594
       Plate armour      |       |       |       |   175 |  1105 |  1098 |  1295 |   238 ||  3911
Dodge: Dodged            |    72 |    73 |   168 |   224 |   376 |   307 |   503 |    83 ||  1806
Block: Buckler           |       |       |       |    25 |     5 |       |       |       ||    30
